 Dungeon Crawl Stone Soup version 0.27.1-37-g7b29ead8ac (webtiles) character file.

Game seed: 12586502426085611611

25 coffeetime the Bolt Thrower (level 2, 26/26 HPs)
             Began as a Deep Dwarf Hunter on June 30, 2023.
             Quit the game on level 1 of the Dungeon.
             The game lasted 00:03:06 (1027 turns).

coffeetime the Bolt Thrower (Deep Dwarf Hunter)     Turns: 1027, Time: 00:03:06

Health: 26/26      AC:  3    Str: 15    XL:     2   Next: 82%
Magic:  2/2        EV: 12    Int: 11    God:
Gold:   38         SH:  0    Dex: 13    Spells: 1/1 levels left

rFire    . . .     SeeInvis .   a - +1 hand crossbow
rCold    . . .     Faith    .   (no shield)
rNeg     . . .     Spirit   .   c - +0 leather armour
rPois    .         Reflect  .   (no helmet)
rElec    .         Harm     .   (no cloak)
rCorr    .         Rampage  .   (no gloves)
Will     .....                  (no boots)
Stlth    +.........             (no amulet)
HPRegen  0.00/turn              (no ring)
MPRegen  0.08/turn              (no ring)

@: no status effects
A: damage resistance, heal wounds, sense surroundings 1, no regeneration
a: Heal Wounds


You were on level 1 of the Dungeon.
You visited 1 branch of the dungeon, and saw 1 of its levels.

You collected 38 gold pieces.

Inventory:

Hand Weapons
 a - a +1 hand crossbow (weapon)
 b - a +0 short sword
 h - a +0 dagger
 j - a +0 club
Missiles
 d - 14 bolts (quivered ammo)
 g - 56 arrows
Armour
 c - a +0 leather armour (worn)
Scrolls
 e - 2 scrolls of immolation {unknown}
 f - 2 scrolls of teleportation {unknown}
 i - 2 scrolls of enchant weapon {unknown}
Potions
 k - a potion of flight {unknown}


   Skills:
 + Level 2.1 Fighting
 - Level 5.1 Crossbows
 + Level 2.3 Dodging
 + Level 1.2 Stealth


You had one spell level left.
You didn't know any spells.
Your spell library contained the following spells:

 Spells                   Type           Power      Damage    Failure   Level
 Foxfire                  Conj/Fire      0%         2x1d4     41%         1
 Conjure Flame            Conj/Fire      0%         6-21      78%         3
 Inner Flame              Hex/Fire       0%         N/A       78%         3
 Petrify                  Tmut/Erth      0%         N/A       99%         4
 Metabolic Englaciation   Hex/Ice        0%         N/A       100%        5
 Statue Form              Tmut/Erth      0%         N/A       100%        6


Dungeon Overview and Level Annotations

Branches:
Dungeon (1/15)

Altars:

Shops:
D:1 !

Annotations:
D:1 healing potion shop


Innate Abilities, Weirdness & Mutations

You are resistant to damage.
You can heal yourself by infusing magical energy.
You passively map a small area around you.
You do not regenerate.


Message History

You kill the goblin!
d - 10 bolts (gained 2)
Things that are here:
a +0 club; a goblin corpse; a bat corpse
j - a +0 club
d - 14 bolts (gained 4)
Things that are here:
a goblin corpse; a bat corpse
k - a red potion
There is a stone staircase leading down here.
An endoplasm comes into view.
You shoot a bolt. The bolt hits the endoplasm.
The endoplasm quivers.
The endoplasm is moderately wounded.
You shoot a bolt. The bolt hits the endoplasm!
You kill the endoplasm!
No target in view!
No target in view!
d - 13 bolts (gained 1)
d - 14 bolts (gained 1)
You open the door.
There is an open door here.
There is an open door here.
You open the door.
There is an open door here.
A frilled lizard and a bat come into view.
You shoot a bolt. The bolt hits the frilled lizard!
You kill the frilled lizard!
You shoot a bolt. The bolt hits the bat.
The bat is moderately wounded.
The bat hits you but does no damage. x2
You shoot a bolt. The bolt barely misses the bat.
The bat barely misses you. The bat closely misses you.
You shoot a bolt. The bolt hits the bat!
You kill the bat!
d - 13 bolts (gained 3)
You see here a bat corpse.
d - 14 bolts (gained 1) Done exploring.
Are you sure you want to abandon this character and quit the game? (Confirm with "yes".)

.######### #.....# #.......
.# ####### #.###### .# #.#
#.# .# #.# #.# .# #.# #.# .#
#.# #.# .# #.# #.# .#
############.# #.# .#
#...........@# #.#
.####.####################.#
.........................†.#
.####.######################
## ###


There were no monsters in sight!

Vanquished Creatures
  A ball python (D:1)
  3 bats (D:1)
  4 endoplasms (D:1)
  4 hobgoblins (D:1)
  3 frilled lizards (D:1)
  4 goblins (D:1)
  A kobold (D:1)
  3 rats (D:1)
23 creatures vanquished.

Notes
Turn   | Place    | Note
-------+----------+-------------------------------------------
     0 | D:1      | coffeetime the Deep Dwarf Hunter began the quest for the
                  | Orb.
     0 | D:1      | Reached XP level 1. HP: 19/19 MP: 1/1
   117 | D:1      | Found Pyilem's Distillery.
   155 | D:1      | Reached XP level 2. HP: 26/26 MP: 2/2
   311 | D:1      | Reached skill level 5 in Crossbows
   341 | D:1      | Found a faded altar of an unknown god.
  1027 | D:1      | Quit the game

Illustrated notes

Levels and vault maps discovered:
D:1:      lightli_arrival_quake, layout_basic, shapermc_ecumenical_altar_ellora,
          serial_shops, shop, amcnicky_mini_pool_small, minmay_hexomino_u4

Skill      XL: |  1  2 |
---------------+-------+-----
Fighting       | 2 |  2.1
Crossbows      | 5 |  5.1
Dodging        | |  2.3
Stealth        | |  1.2

Action                   || total
-------------------------++-------
 Fire: Hand crossbow     ||    48
Armor: Leather armour    ||     6
Dodge: Dodged            ||    14
